FUUUU, neutral female human Tourist -------- ----- |......| |...| #.%......# |...| ###--------# ----- |...| # # |.@>. |...|### # |.dB| |...|# # |..f. |....# # |...| # ---.- # .....################# # #### ----- # ### #------ # # #|.%.%| # #### # #|.!%%| ###### -.----------.--- #|..!.| -.-.- |..............| #|...%| |...| #.........<.....| #-...%| |....#####|..............| ------ |..*| ###...............| ----- ---------------- FUUUU the Sightseer Experience level: 3 Strength: 13 Dexterity: 13 Constitution: 14 Intelligence: 13 Wisdom: 9 Charisma: 19 Health: 0(24) Energy: 10(10) Def: 1 Gold: 1271 Moves: 1928 Dungeon seed: c5OO2lC94X7Klq29 Game ID: FUUUU_1512420565 Your Inventory: Coins $ - 1271 gold pieces Weapons a - 54 uncursed +2 darts (in quiver) o - a cursed +0 axe (weapon in hand) s - 9 uncursed +0 elven arrows Armor e - an uncursed +0 Hawaiian shirt (being worn) n - an uncursed +0 orcish helm (being worn) Comestibles b - 2 uncursed cream pies c - 5 uncursed tripe rations d - 4 uncursed food rations f - an uncursed sprig of wolfsbane g - 2 uncursed carrots u - 2 uncursed food rations Scrolls i - 4 uncursed scrolls of magic mapping w - an uncursed scroll of light Potions r - an uncursed potion of see invisible v - an uncursed potion of booze x - a blessed potion of invisibility Wands l - an uncursed wand of secret door detection (0:11) Tools j - an uncursed expensive camera (0:93) k - an uncursed credit card m - an uncursed leash Spells and supernatural/magical abilities: Name Level Category Fail Memory W - pray for help -- divine ? -- Your skills at the end: Miscellaneous Skills wands [Basic] Weapon Skills dart [Basic] Spellcasting Skills Final Attributes: You were devoutly aligned. You were very stealthy. You were lucky. You are dead. Vanquished creatures: a small mimic an iguana a gas spore a hobgoblin 2 giant rats 2 cave spiders a red mold a gnome zombie 2 jackals 2 foxes a kobold 4 newts 3 sewer rats 4 grid bugs 4 lichens a kobold zombie 31 creatures vanquished. Voluntary challenges: You did not adorn yourself with jewelry or accessories. You did not cause conflict. You were not invisible. You did not have reflection. You were not displaced. You used a wielded weapon 51 times, starting on turn 683. You did not apply a unicorn horn. You did not use plumbed fixtures. You read items or engraved 1 time, starting on turn 1054. You never genocided any monsters. You never polymorphed an object. You never changed form. You used no wishes. You never split a pudding. You never wrote Elbereth's name. You never violated your personal moral code. Dungeon overview: The Dungeons of Doom: levels 1 to 4 Level 1 a long staircase Level 2 a long staircase Level 3 an armor shop, a fountain portal to Advent Calendar Level 4 <- You were here a delicatessen Advent Calendar: Level 3 many trees portal to The Dungeons of Doom History has recorded: On T:1 you entered the Dungeons of Doom to retrieve the Amulet of Yendor! On T:393 you reached level 2 of The Dungeons of Doom. On T:745 you reached level 3 of The Dungeons of Doom. On T:955 you reached level 1 of Advent Calendar. On T:1029 you prayed to The Lady. On T:1218 you advanced to experience level 2. On T:1294 you advanced to experience level 3. On T:1554 you reached level 4 of The Dungeons of Doom. Score breakdown: Gold: 358 ( 35 points) Experience: 3 levels ( 200 points) Exploration: 4 levels ( 90 points) Discoveries: 7 items ( 350 points) Variety of kills: 16 monsters ( 800 points) Major goal: (nothing yet) ( 0 points) Survival: died (score multiplied by 3) Total score: 4425 Latest messages: You start equipping your iron skull cap. You are now wearing an iron skull cap. You displace Tigger. You finish searching. (2x) w - a scroll labeled VENZAR BORGAVVE. You see here 6 rocks. You finish searching. (2x) x - a brown potion. You miss the jackal. The jackal bites! You miss the jackal. The jackal bites! Tigger misses the giant bat. The giant bat bites! Tigger bites the giant bat. The giant bat bites Tigger. The giant bat bites! Tigger misses the giant bat. (2x) You hack the jackal. The jackal bites! The giant bat bites! You die... Final status: Aloha FUUUU the Tourist, killed by a giant bat... You died in The Dungeons of Doom on dungeon level 4 with 4425 points, and 1271 pieces of gold, after 1928 moves. You were level 3 with a maximum of 24 hit points when you died.